 Dungeon Crawl Stone Soup version bcrawl-1.38.3 (webtiles) character file.

Game seed: 9108322406783905855

12887566 SludgeElvesOrGTFO the Englaciator (level 26, 181/181 HPs)
             Began as a High Elf Ice Elementalist on June 14, 2023.
             Was the Champion of Sif Muna.
             Escaped with the Orb
             ... and 3 runes on June 17, 2023!
             The game lasted 04:55:21 (75988 turns).

SludgeElvesOrGTFO the Englaciator (HEIE)           Turns: 75988, Time: 04:55:22

Health: 181/181    AC: 14    Str:  7    XL:     26   Next: 59%
Magic:  54/54      EV: 14    Int: 43    God:    Sif Muna [******]
Gold:   1585       SH:  0    Dex: 26    Spells: 11/77 levels left

rFire    + + +     GDR:     35% d - +1 hunting sling of the Eggplant {velocity, Fragile +Inv rF++ Stlth+}
rCold    . . .     Archmagi +   (no shield)
rNeg     + . .     SeeInvis +   k - +2 robe {Archmagi}
rPois    .         Gourm    .   S - +2 hat of Inusifa {Int+7}
rElec    .         Faith    .   o - +2 cloak
rCorr    .         Spirit   +   M - +2 pair of gloves
MR       +++..     Reflect  .   J - +1 pair of boots {run}
Stlth    +++.......             U - amulet "Buboclasm" {Spirit rF+ rN+}
HPRegen  0.40/turn              i - ring "Peigidy" {Wiz SInv}
MPRegen  0.34/turn              u - ring "Ureotam" {MR+ Stlth+}

@: deflect missiles, quick
A: obsessive focus, talons 1, deterioration 1, robust 2, MP-powered wands
0: Orb of Zot
}: 3/15 runes: serpentine, barnacled, slimy
a: Divine Energy, Channel Magic, Forget Spell, Moment of Magic, Renounce
Religion, Evoke Invisibility


You escaped.
You worshipped Sif Muna.
Sif Muna was exalted by your worship.
You were not hungry.

You visited 11 branches of the dungeon, and saw 46 of its levels.
You also visited: Ossuary and Ice Cave.

You collected 6680 gold pieces.
You spent 5095 gold pieces at shops.

Inventory:

Hand Weapons
 c - the +8 falchion "Jinieg" {protect, rN+ MR+}
   (You found it on level 1 of the Vaults)

   It grants its wielder temporary protection when it strikes (+7 to AC).
   It protects you from negative energy.
   It affects your resistance to hostile enchantments.
 d - the +1 hunting sling of the Eggplant (weapon) {velocity, Fragile +Inv rF++ Stlth+}
   (You found it on level 3 of the Elven Halls)

   Any stone fired from it inflicts extra damage.
   It greatly protects you from fire.
   It lets you turn invisible.
   It will be destroyed if unequipped.
   It makes you more stealthy.
 L - a +8 blowgun
   (You took it off Maurice on level 9 of the Dungeon)
Missiles
 G - 9 throwing nets {=f}
 Q - 53 poisoned needles
 Y - 32 curare-tipped needles
Armour
 k - a +2 robe of the Archmagi (worn)
   (You took it off an orc sorcerer in the Orcish Mines)
 o - a +2 cloak (worn)
   (You bought it in a shop on level 2 of the Vaults)
 J - a +1 pair of boots of running (worn)
   (You found it in an ice cave)
 M - a +2 pair of gloves (worn)
   (You found it on level 5 of the Dungeon)
 S - the +2 hat of Inusifa (worn) {Int+7}
   (You found it on level 2 of the Elven Halls)

   It affects your intelligence (+7).
Magical Staves
 x - an uncursed staff of conjuration
   (You found it on level 6 of the Lair of Beasts)
 A - an uncursed staff of earth
   (You found it on level 1 of the Vaults)
Jewellery
 i - the ring "Peigidy" (left hand) {Wiz SInv}
   (You found it on level 5 of the Pits of Slime)

   [ring of wizardry]

   It improves your spell success rate.
   It lets you see invisible.
 m - an uncursed ring of protection from magic
   (You took it off a deep elf annihilator on level 3 of the Elven Halls)
 u - the ring "Ureotam" (right hand) {MR+ Stlth+}
   (You bought it in a shop on level 3 of the Snake Pit)

   [ring of protection from magic]

   It affects your resistance to hostile enchantments.
   It makes you more stealthy.
 y - the ring of Gomofuux {+Fly rC+ Str+4 Dex+4}
   (You bought it in a shop on level 2 of the Shoals)

   [ring of flight]

   It affects your strength (+4).
   It affects your dexterity (+4).
   It protects you from cold.
   It lets you fly.
 C - the ring "Jegesk" {Ice rElec}
   (You took it off a spriggan air mage on level 2 of the Depths)

   [ring of ice]

   It enhances your ice magic.
   It makes you vulnerable to fire.
   It protects you from cold.
   It insulates you from electricity.
 U - the amulet "Buboclasm" (around neck) {Spirit rF+ rN+}
   (You took it off a fire giant on level 1 of the Vaults)

   [amulet of guardian spirit]

   It causes incoming damage to be split between your health and magic.
   It protects you from fire.
   It protects you from negative energy.
 W - the ring of Dawn {+Fly Int+6}
   (You bought it in a shop on level 3 of the Snake Pit)

   [ring of flight]

   It affects your intelligence (+6).
   It lets you fly.
Wands
 b - a wand of paralysis (23)
   (You found it on level 7 of the Dungeon)
 g - a wand of charming (31)
   (You found it on level 6 of the Dungeon)
 v - a wand of digging (23)
   (You found it on level 1 of the Snake Pit)
 z - a wand of iceblast (23)
   (You took it off Urug on level 5 of the Lair of Beasts)
 B - a wand of clouds (10)
   (You found it on level 2 of the Lair of Beasts)
 I - a wand of acid (27)
   (You found it on level 5 of the Lair of Beasts)
Scrolls
 a - a scroll of vulnerability
 t - 10 scrolls of teleportation
 E - 6 scrolls of fear
 P - 3 scrolls of magic mapping
 V - 2 scrolls of fog
 Z - 2 scrolls of summoning
Potions
 h - a potion of haste
 j - 3 potions of flight
 l - 4 potions of ambrosia
 n - 3 potions of resistance
 q - 16 potions of curing
 s - 6 potions of agility
 w - 4 potions of heal wounds
 F - 10 potions of cancellation
 H - 4 potions of magic
 N - 12 potions of lignification
 O - 2 potions of brilliance
 T - 10 potions of mutation
Miscellaneous
 p - a sack of spiders
   (You found it on level 3 of the Elven Halls)
 r - 3 boxes of beasts
 D - 2 phantom mirrors
 R - a phial of floods
   (You found it in an ice cave)
 X - a lightning rod (4/4)
   (You found it on level 12 of the Dungeon)
Comestibles
 e - 10 rations {!d}


   Skills:
   Level 2.1 Dodging
 - Level 9.0 Stealth
 + Level 26.1 Spellcasting
 + Level 24.4 Conjurations
 O Level 27 Ice Magic
 - Level 17.0 Invocations
 - Level 13.0 Evocations


You had 11 spell levels left.
You knew the following spells:

 Your Spells              Type           Power        Failure   Level  Hunger
a - Icicle Burst          Conj/Ice       #########.   0%          7    None
b - Bolt of Cold          Conj/Ice       #########.   0%          6    None
c - Glaciate              Conj/Ice/Air   ########..   1%          8    None
d - Orb of Destruction    Conj           #########.   0%          7    None
e - Spellforged Servitor  Conj/Summ      ########..   1%          7    None
f - Ozocubu's Refrigerat  Ice            #########.   0%          6    None
g - Statue Form           Tmut/Erth      ######...    16%         6    None
h - Deflect Missiles      Chrm/Air       ######....   16%         6    None
i - Irradiate             Conj/Tmut      ########..   1%          5    None
j - Bolt of Draining      Conj/Necr      ########..   1%          5    None
k - Apportation           Tloc           ######       1%          1    None
l - Blink                 Tloc           N/A          1%          2    None

Your spell library contained the following spells:

 Spells                   Type           Power        Failure   Level  Hunger
 Flame Tongue             Conj/Fire      #####        0%          1    None
 Freeze                   Ice            ######       0%          1    None
 Magic Dart               Conj           ####         0%          1    None
 Sting                    Conj/Pois      ####         0%          1    None
 Ensorcelled Hibernation  Hex/Ice        ######       0%          2    None
 Searing Ray              Conj           ########     0%          2    None
 Shock                    Conj/Air       #######      0%          2    None
 Throw Frost              Conj/Ice       ######       0%          2    None
 Conjure Flame            Conj/Fire      ########     0%          3    None
 Dazzling Orbs            Conj/Hex       #######      0%          3    None
 Iskenderun's Mystic Bla  Conj           ########     0%          3    None
 Ozocubu's Armour         Chrm/Ice       ########     0%          3    None
 Stone Arrow              Conj/Erth      ######       0%          3    None
 Fulminant Prism          Conj/Hex       ########..   0%          4    None
 Ice Form                 Ice/Tmut       ########     0%          4    None
 Lightning Bolt           Conj/Air       ########     0%          4    None
 Sticky Flame             Conj/Fire      ########     0%          4    None
 Summon Ice Beast         Ice/Summ       ########     0%          4    None
 Throw Icicle             Conj/Ice       ########     0%          4    None
 Beastly Appendage        Tmut           ######       1%          1    None
 Blink Other              Tloc           ######       1%          1    None
 Corona                   Hex            ######.      1%          1    None
 Infusion                 Chrm           ######..     1%          1    None
 Necrotize                Necr           ######       1%          1    None
 Sandblast                Erth           ######       1%          1    None
 Slow                     Hex            ######..     1%          1    None
 Static Discharge         Air            ######       1%          1    None
 Summon Butterflies       Summ           ######..     1%          1    None
 Summon Small Mammal      Summ           ####         1%          1    None
 Call Imp                 Summ           ######       1%          2    None
 Corpse Rot               Necr           N/A          1%          2    None
 Flaming Arrows           Chrm/Fire      ######..     1%          2    None
 Passwall                 Tmut/Erth      ######..     1%          2    None
 Poisonous Vapours        Pois/Air       ######       1%          2    None
 Shackle                  Hex            ######..     1%          2    None
 Song of Slaying          Chrm           ######..     1%          2    None
 Sticks to Snakes         Tmut           ######..     1%          2    None
 Sublimation of Blood     Necr           ######....   1%          2    None
 Swiftness                Chrm/Air       ######..     1%          2    None
 Beckoning                Tloc           ######....   1%          3    None
 Call Canine Familiar     Summ           ######..     1%          3    None
 Confuse                  Hex            ######..     1%          3    None
 False Image              Hex/Summ       ######..     1%          3    None
 Ignite Poison            Fire/Tmut/Pois ######..     1%          3    None
 Inner Flame              Hex/Fire       N/A          1%          3    None
 Mephitic Cloud           Conj/Pois/Air  ########     1%          3    None
 Portal Projectile        Tloc           ######       1%          3    None
 Recall                   Summ/Tloc      N/A          1%          3    None
 Regeneration             Chrm/Necr      ######....   1%          3    None
 Spectral Weapon          Hex/Chrm       ######..     1%          3    None
 Spider Form              Tmut/Pois      ###          1%          3    None
 Teleport Other           Tloc           ######..     1%          3    None
 Tukima's Dance           Hex            ######..     1%          3    None
 Vampiric Draining        Necr           ######....   1%          3    None
 Agony                    Necr           ######..     1%          4    None
 Airstrike                Air            ######....   1%          4    None
 Animate Dead             Necr           N/A          1%          4    None
 Cause Fear               Hex            ######....   1%          4    None
 Force Lance              Tloc           ######..     1%          4    None
 Olgreb's Toxic Radiance  Pois           ######...    1%          4    None
 Petrify                  Tmut/Erth      ######....   1%          4    None
 Summon Scorpions         Summ/Pois      ######..     1%          4    None
 Tree Form                Hex/Tmut       N/A          1%          4    None
 Yara's Violent Unravell  Hex/Tmut       ######....   1%          4    None
 Bolt of Magma            Conj/Fire/Erth ########..   1%          5    None
 Fireball                 Conj/Fire      ########..   1%          5    None
 Freezing Cloud           Ice/Air        ########     1%          5    None
 Iskenderun's Battlesphe  Conj/Chrm      ########     1%          5    None
 Metabolic Englaciation   Hex/Ice        ########..   1%          5    None
 Venom Bolt               Conj/Pois      ########..   1%          5    None
 Bolt of Fire             Conj/Fire      ########..   1%          6    None
 Conjure Ball Lightning   Conj/Air       ########..   1%          6    None
 Iron Shot                Conj/Erth      ########..   1%          6    None
 Poison Arrow             Conj/Pois      ########..   1%          6    None
 Simulacrum               Ice/Necr       ########     1%          6    None
 Mana Rupture             Conj/Hex       ########..   1%          7    None
 Blade Hands              Tmut           ######....   3%          5    None
 Dispel Undead            Necr           ######..     3%          5    None
 Lee's Rapid Deconstruct  Erth           ######....   3%          5    None
 Piercing Shot            Chrm           ######....   3%          5    None
 Silence                  Hex/Air        ######....   3%          5    None
 Steam Barrier            Chrm/Fire      ######....   3%          5    None
 Summon Demon             Summ           ######....   3%          5    None
 Summon Forest            Summ/Tloc      ######....   3%          5    None
 Summon Lightning Spire   Summ/Air       ######..     3%          5    None
 Summon Mana Viper        Hex/Summ       ######..     3%          5    None
 Chain Lightning          Conj/Air       ########..   4%          8    None
 Lehudib's Crystal Spear  Conj/Erth      ########..   4%          8    None
 Aura of Abjuration       Summ           ######....   16%         6    None
 Borgnjor's Vile Clutch   Necr/Erth      ######....   16%         6    None
 Darkness                 Hex            ######....   16%         6    None
 Death Channel            Chrm/Necr      ######....   16%         6    None
 Dispersal                Tloc           ######....   16%         6    None
 Infestation              Hex/Tmut/Pois  ######...    16%         6    None
 Invisibility             Hex            ######..     16%         6    None
 Summon Hydra             Summ           ######....   16%         6    None
 Virulence                Hex/Pois       ######..     16%         6    None
 Fire Storm               Conj/Fire      ########..   56%         9    ##.....
 Controlled Blink         Tloc           ######..     65%         7    None
 Discord                  Hex            ######....   65%         7    None
 Dragon Form              Tmut           ######.      65%         7    None
 Haunt                    Necr/Summ      ######....   65%         7    None
 Malign Gateway           Summ/Tloc      ######....   65%         7    None
 Monstrous Menagerie      Summ           ######....   65%         7    None
 Shadow Creatures         Summ           N/A          65%         7    None
 Summon Greater Demon     Summ           ######....   65%         7    None
 Borgnjor's Revivificati  Necr           ######....   99%         8    None
 Ignition                 Fire           ######....   99%         8    None
 Necromutation            Tmut/Necr      ######..     99%         8    None
 Summon Horrible Things   Summ           ######....   99%         8    None
 Time Stop                Chrm/Tloc      N/A          99%         8    None
 Tornado                  Tloc/Air       ######....   99%         8    None
 Dragon's Call            Summ           ######....   100%        9    ##.....
 Shatter                  Erth           ######....   100%        9    ##.....
 Passage of Golubria      Tloc           Unusable     N/A         5    N/A

Dungeon Overview and Level Annotations

Branches:
Dungeon (12/12)            Temple (1/1) D:7            Lair (6/6) D:7
 Shoals (3/3) Lair:3        Snake (3/3) Lair:4        Slime (5/5) Lair:6
    Orc (1/1) D:9             Elf (3/3) Orc          Vaults (2/3) D:11
  Crypt (0/2) Vaults:1     Depths (5/5) D:12            Zot (5/5) Depths:5

Altars:
Ashenzari
Cheibriados
Dithmenos
Elyvilon
Fedhas
Gozag
Hepliaklqana
Kikubaaqudgha
Lugonu
Makhleb
Nemelex Xobeh
Okawaru
Qazlal
Ru
Sif Muna
Trog
Uskayaw
Vehumet
Wu Jian
Xom
Yredelemnul
Zin
The Shining One
Jiyva

Shops:
D:7 (   D:10 }   D:11 (   Orc :[}}!   Elf:1 %   Elf:3 ?   Shoals:2 *
Snake:1 (   Snake:3 }=}   Vaults:1 :   Vaults:2 [   Zot:5 *   Depths:5 *

Portals:
Hell: Depths:1 Depths:2 Depths:3 Depths:4 Depths:5
Abyss: Depths:1 Depths:3 Depths:4 Depths:5
Pandemonium: Depths:1 Depths:3 Depths:5
Ziggurat: Depths:3

Annotations:
D:6 exclusion: door
D:8 2 runed doors
Lair:2 exclusion: 2 oklob plants
Lair:6 2 runed doors
Elf:2 6 runed translucent doors


Innate Abilities, Weirdness & Mutations

You can't train low skills.
You expend magic power (3 MP) to strengthen your wands.
You have sharp toenails.
Your body sometimes deteriorates upon taking damage.
You are very robust. (+20% HP)


Message History

Confirm with . or Enter, or press ? or * to list all spells.
Aiming: Glaciate (safe; 1% risk of failure)
Press: ? - help, Shift-Dir - straight line, f - large abomination
Aim: a large abomination (hasn't noticed you)
You feel a surge of power!
You conjure a mighty blast of ice!
The great icy blast engulfs the large abomination!!!
The large abomination is frozen into a solid block of ice!
You destroy the large abomination!
Sif Muna accepts your kill.
The great icy blast engulfs the large abomination!!!
The large abomination is frozen into a solid block of ice!
You destroy the large abomination!
Sif Muna accepts your kill.
The great icy blast engulfs the Executioner!!!
The Executioner partially resists.
The Executioner is heavily wounded.
The Executioner is flash-frozen.
Casting: Glaciate (safe; 1% risk of failure)
Confirm with . or Enter, or press ? or * to list all spells.
Aiming: Glaciate (safe; 1% risk of failure)
Press: ? - help, Shift-Dir - straight line, f - Executioner
Aim: an Executioner (freezing vapour, heavily wounded, encased in ice)
You feel a surge of power!
You conjure a mighty blast of ice!
The great icy blast engulfs the Executioner!!!
The Executioner partially resists.
The Executioner is frozen into a solid block of ice!
You kill the Executioner!
Sif Muna accepts your kill.
The large abomination is engulfed in freezing vapours.
The large abomination is engulfed in freezing vapours.
(D) Dungeon (T) Temple (L) Lair (A) Shoals (P) Snake Pit (M) Slime Pits (O) Orcish Mines (E) Elven Halls (V) Vaults (C) Crypt (U) Depths (H) Hell (Z) Zot
Where to? (Enter - D:1 @ (x,y), ? - help)
What level of the Dungeon? (default 1, ? - help)
There is a stone staircase leading up here.
A rune on the stairs sparks and fizzles.
You climb upwards.
There is a stone staircase leading down here.
There is a stone staircase leading down here.
A reaper comes into view. It is wielding a +4 scythe of freezing.
Casting: Glaciate (safe; 1% risk of failure)
Confirm with . or Enter, or press ? or * to list all spells.
Aiming: Glaciate (safe; 1% risk of failure)
Press: ? - help, Shift-Dir - straight line, f - reaper
Aim: a reaper, wielding a +4 scythe of freezing You feel a surge of power!
You conjure a mighty blast of ice!
The great icy blast engulfs the reaper!!!
The reaper partially resists.
The reaper is severely wounded.
The reaper is flash-frozen.
Casting: Glaciate (safe; 1% risk of failure)
Confirm with . or Enter, or press ? or * to list all spells.
Aiming: Icicle Burst (safe; 0% risk of failure)
Press: ? - help, Shift-Dir - straight line, f/p - reaper
Aim: a reaper, wielding a +4 scythe of freezing (freezing vapour, severely wounded, encased in ice)
You feel a surge of power!
The burst of ice shards hits the reaper!
The burst of ice shards hits the reaper!!
You kill the reaper!
Sif Muna accepts your kill.
You start resting.
Magic restored.
(D) Dungeon (T) Temple (L) Lair (A) Shoals (P) Snake Pit (M) Slime Pits (O) Orcish Mines (E) Elven Halls (V) Vaults (C) Crypt (U) Depths (H) Hell (Z) Zot
Where to? (Enter - D:1 @ (x,y), ? - help)
What level of the Dungeon? (default 1, ? - help)
You see here a +4 scythe of freezing.
An ice devil and a pandemonium lord come into view.
You have encountered a dangerous foe!
Press: ? - help, v - describe, . - travel
Here: Syva, armed with a chaotic touch You feel yourself speed up.
Okay, then.
As you read the scroll of fog, it crumbles to dust.
The scroll dissolves into smoke.
You see here a +0 hand axe.
There is a stone staircase leading up here.
A rune on the stairs sparks and fizzles.
You climb upwards.
There is a stone staircase leading down here.
(D) Dungeon (T) Temple (L) Lair (A) Shoals (P) Snake Pit (M) Slime Pits (O) Orcish Mines (E) Elven Halls (V) Vaults (C) Crypt (U) Depths (H) Hell (Z) Zot
Where to? (Enter - D:1 @ (x,y), ? - help)
What level of the Dungeon? (default 1, ? - help)
There is a stone staircase leading up here.
You climb upwards.
Your extra speed is starting to run out.
There is a stone staircase leading down here.
There is a fountain of clear blue water here.
There is an open door here.
You feel yourself slow down.
There is an open door here.
There is a staircase leading out of the dungeon here.
You have escaped!

#####.......#.#...##...##.#.#.
#(..........#.#..........)....
#...........#.######........#.
####...........#............#..#.
#...............#)÷.###...###..#.
#...........÷.........+...+.#....
#..........#..#####...#...#......
#.........##.##...##..#####......
#.>..####.>..#..@..#...÷)........
#....# ######.....######.......#
#....####...###...###...###......
#....##.......##'##.......#######
#....#.........#.#.........#
######.........'.'.........#
#.........#.#.........######
##.......##'##.......##.....
###...####.####...####.#...


There were no monsters in sight!

Vanquished Creatures
  the Royal Jelly (Slime:5)
  Dissolution (Slime:3)
  3 ancient liches (Zot:5)
  6 orbs of fire (Zot:5)
  Xtahua (Vaults:2)
  A pandemonium lord (Zot:5)
  2 Killer Klowns (Zot:5)
  6 golden dragons
  Boris (Depths:1)
  Vashnia (Snake:3)
  A curse toe (Zot:4)
  A rockslime (Zot:2)
  3 electric golems
  A Hell Sentinel (Depths:5)
  24 Orb Guardians
  Jorgrun (Elf:1)
  2 Ice Fiends
  14 tentacled monstrosities
  4 quicksilver dragons
  3 deep elf blademasters
  Asterion (Elf:1)
  A deep elf master archer (Elf:3)
  An Executioner (D:4)
  24 acid blobs
  7 death cobs
  2 krakens
  A sphinx (Vaults:1)
  Kirke (Lair:3)
  A revenant (Depths:2)
  5 shadow dragons
  3 draconian monks
  3 tengu reavers
  10 storm dragons
  Roxanne (Elf:1)
  8 nagarajas
  Donald (Orc)
  5 fire giants
  A war gargoyle (Vaults:2)
  2 balrugs (Depths:1)
  Ilsuiw (Shoals:2)
  A ghost moth (Zot:3)
  3 draconian knights
  3 cacodemons
  Louise (Depths:3)
  13 azure jellies
  6 frost giants
  3 deep elf sorcerers (Elf:3)
  Aizul (Shoals:1)
  2 orc warlords
  2 draconian shifters
  11 vault wardens
  4 deep elf elementalists (Elf:3)
  2 draconian stormcallers (Zot:2)
  14 ironheart preservers
  4 eyes of devastation
  4 jiangshi (Depths:2)
  12 stone giants
  2 draconian scorchers
  15 very ugly things
  A reaper (D:3)
  7 deep elf demonologists
  5 black draconians
  6 deep elf annihilators
  5 vampire knights
  6 green draconians
  A lorocyproca (Zot:5)
  10 dire elephants
  5 white draconians
  9 red draconians
  8 purple draconians
  4 yellow draconians
  A blizzard demon (Zot:5)
  A green death (D:10)
  4 deep elf death magi (Elf:3)
  4 ettins
  The ghost of Contix the Blocker, a journeyman GnFi of Elyvilon (Elf:2)
  4 merfolk javelineers
  Urug (Lair:5)
  17 fire dragons
  10 merfolk impalers
  4 deep elf high priests
  11 ice dragons
  7 yaktaur captains
  10 rakshasas
  16 vault guards
  3 hell beasts
  7 hydras
  15 naga warriors
  Erolcha (D:9)
  5 merfolk avatars
  Psyche (D:11)
  10 spriggan air magi
  10 ogre magi
  10 anacondas
  A shadow wraith (Vaults:1)
  A catoblepas (Lair:6)
  21 two-headed ogres
  4 merfolk aquamancers
  25 dancing weapons
  11 great orbs of eyes
  4 death oozes (Slime:5)
  3 satyrs
  A death yak (Lair:6)
  13 deep troll earth magi
  9 deep troll shamans
  11 sea snakes
  A titan zombie (Depths:2)
  A vampire mage (Depths:1)
  4 ironheart beastmasters
  4 tengu warriors
  14 deep elf knights
  14 naga sharpshooters
  8 shock serpents
  2 fire crabs
  6 spriggan berserkers
  2 sun demons (Depths:1)
  16 centaur warriors
  5 iron trolls
  Nergalle (D:11)
  A fire crab (shapeshifter) (Vaults:2)
  2 spriggans (Depths:3)
  17 large abominations
  37 deep trolls
  2 sixfirhies
  10 hell knights
  A storm dragon skeleton (Depths:2)
  5 unseen horrors
  4 salamander mystics (Snake:3)
  A spark wasp zombie (Depths:2)
  5 flayed ghosts
  An infernal demonspawn (Depths:1)
  6 naga ritualists
  7 deep elf archers
  6 glowing orange brains
  A shadow demon (Depths:4)
  3 cyclopes
  2 wolf spider zombies (D:10)
  9 wizards
  An orange crystal statue (Depths:4)
  A harpy (shapeshifter) (Elf:2)
  2 phantasmal warriors
  Pikel (D:9)
  A tengu zombie (Depths:2)
  A shadow dragon zombie (Depths:2)
  12 ironheart convokers
  10 mana vipers
  6 necromancers
  13 harpies
  An iron dragon zombie (Depths:2)
  A moth of wrath (shapeshifter) (Depths:3)
  18 ugly things
  35 deep elf magi
  8 salamanders
  10 shining eyes
  14 fauns
  2 frost giant zombies (Depths:2)
  6 moths of wrath
  12 orc sorcerers
  2 stone giant zombies (Depths:2)
  A frost giant skeleton (Depths:2)
  8 manticores
  A sphinx skeleton (Vaults:1)
  7 elephants
  4 stone giant skeletons (Depths:2)
  9 merfolk sirens
  29 black mambas
  A titan simulacrum (Depths:2)
  6 guardian serpents
  7 vault sentinels
  13 naga magi
  An ice statue (IceCv)
  2 molten gargoyles (Lair:6)
  3 orange demons
  A fire giant skeleton (Depths:2)
  4 water nymphs
  A rime drake (Lair:5)
  13 cane toads
  A komodo dragon (shapeshifter) (Depths:2)
  2 kobold demonologists (D:11)
  2 hellions
  2 freezing wraiths
  6 ice devils
  2 anaconda simulacra (IceCv)
  A rime drake (shapeshifter) (Vaults:2)
  9 flying skulls
  8 komodo dragons
  4 hellwings (Zot:5)
  An eye of draining (D:12)
  18 yaktaurs
  Maurice (D:9)
  3 red devils (Depths:1)
  2 golden dragon simulacra (IceCv)
  23 merfolk
  5 tengu conjurers
  3 trolls
  The ghost of Cris the Cudgeler, an amateur SDSk of Okawaru (D:5)
  2 human skeletons (Vaults:1)
  2 hornets (Depths:3)
  5 wind drakes
  A meliai (shapeshifter) (Vaults:1)
  147 slime creatures
  8 dream sheep
  13 blink frogs
  3 harpy skeletons
  8 snapping turtles
  Grum (Lair:5)
  6 hippogriffs
  A vampire (D:9)
  2 ettin skeletons (Depths:2)
  4 air elementals
  2 shadows
  A yak (shapeshifter) (Depths:1)
  9 crocodiles
  A spriggan skeleton (Depths:2)
  3 dire elephant simulacra (IceCv)
  18 yaks
  12 water elementals
  3 wyverns
  8 basilisks
  A wraith (Vaults:1)
  4 chaos spawn
  2 hogs (Lair:3)
  5 golden eyes
  2 steam dragons
  A basilisk (shapeshifter) (Depths:3)
  2 vampire mosquitoes (D:12)
  A hungry ghost (D:7)
  7 wargs
  5 harpy simulacra (IceCv)
  48 nagas
  A crocodile (shapeshifter) (Elf:2)
  An acid dragon (shapeshifter) (Vaults:2)
  5 hell hounds (Lair:6)
  2 hydra simulacra (IceCv)
  Duvessa (D:7)
  7 water moccasins
  A floating eye (Depths:5)
  A swamp drake (D:7)
  13 orc warriors
  9 porcupines
  4 slaves (D:9)
  A swamp drake (shapeshifter) (Elf:2)
  A sky beast (shapeshifter) (Depths:1)
  2 black bears
  A hornet zombie (D:10)
  28 ogres
  A phantom (D:10)
  2 sky beasts (D:7)
  A boggart (shapeshifter) (Elf:2)
  3 boggarts
  2 necrophages
  14 wolves
  2 kobold brigands (D:10)
  13 bullfrogs
  Blork the orc (D:6)
  3 elf zombies
  2 centaurs
  An elf skeleton (D:6)
  Dowan (D:7)
  4 scorpions
  18 killer bees
  4 small abominations (Depths:4)
  A killer bee (shapeshifter) (Elf:2)
  8 orc priests
  4 electric eels
  A tengu skeleton (Depths:2)
  4 howler monkeys
  6 lava snakes
  5 crimson imps
  4 draconian simulacra (IceCv)
  4 hounds
  3 human simulacra (Vaults:1)
  38 orc wizards
  2 human zombies (Ossuary)
  4 iron imps (Depths:1)
  A bullfrog skeleton (D:5)
  An iguana (D:6)
  7 worker ants
  A troll simulacrum (IceCv)
  5 polar bear simulacra (IceCv)
  A killer bee zombie (D:5)
  2 wolf simulacra (IceCv)
  3 hound skeletons
  A mummy (Ossuary)
  20 adders
  An adder (shapeshifter) (Elf:2)
  3 naga simulacra (IceCv)
  A river rat (shapeshifter) (Elf:2)
  3 shadow imps
  9 white imps
  3 centaur simulacra (IceCv)
  5 ufetubi
  An ooze (D:3)
  An adder skeleton (D:4)
  4 worms
  3 dart slugs
  5 leopard geckos
  49 orcs
  4 giant cockroaches
  4 goblins
  10 hobgoblins
  9 jackals
  26 kobolds
  A kobold (shapeshifter) (Elf:2)
  11 quokkas
  3 ball pythons
  4 bats (D:1)
  A frilled lizard (shapeshifter) (Elf:2)
  6 frilled lizards
  A goblin zombie (Ossuary)
  8 hobgoblin zombies (Ossuary)
  A jackal zombie (Ossuary)
  5 kobold zombies (Ossuary)
  8 orc zombies (Ossuary)
  A quokka zombie (D:5)
  19 rats
  19 blocks of ice
  19 fungi
  51 plants
  3 tentacles (Shoals:1)
2059 creatures vanquished.

Vanquished Creatures (collateral kills)
  A Killer Klown (Zot:5)
  A tentacled monstrosity (Elf:2)
  2 Orb Guardians (Zot:5)
  A deep elf master archer (Elf:3)
  3 stone giants
  A vampire knight (Depths:3)
  A deep elf death mage (Elf:3)
  2 deep elf annihilators (Elf:3)
  An ettin (Depths:1)
  Harold (Lair:3)
  A fire dragon (Depths:3)
  A hydra (Lair:4)
  3 two-headed ogres (Depths:1)
  A deep troll earth mage (Depths:3)
  3 deep trolls
  A hell knight (Depths:3)
  A deep elf mage (Elf:3)
  A black mamba (Lair:2)
  A molten gargoyle (Lair:6)
  A cane toad (Lair:2)
  3 blink frogs
  A large abomination (Elf:2)
  4 yaks
  2 water elementals (Shoals:1)
  A hog (Lair:3)
  A steam dragon (shapeshifter) (Elf:2)
  A water moccasin (Lair:1)
  An ogre (Depths:1)
  6 wolves
  A killer bee (D:10)
  A howler monkey zombie (D:6)
  A hobgoblin zombie (Ossuary)
  2 orc zombies (Ossuary)
  A fungus (Lair:2)
54 creatures vanquished.

Vanquished Creatures (others)
  2 moths of wrath (Zot:5)
  2 hornets (Depths:5)
  2 spriggans (Depths:5)
  A wyvern (D:7)
  2 humans (Lair:3)
  A porcupine (Lair:3)
  An orc priest (D:5)
  A howler monkey (D:5)
  A worker ant (D:5)
  A gnoll (D:5)
  A shadow imp (D:5)
  An orc (D:5)
  A quokka (D:5)
  162 blocks of ice
  A bush (Lair:6)
  13 fungi
  73 plants
  A tentacle (Shoals:1)
267 creatures vanquished.

Grand Total: 2380 creatures vanquished

Notes
Turn   | Place    | Note
-------+----------+-------------------------------------------
     0 | D:1      | SludgeElvesOrGTFO the High Elf Ice Elementalist began the
                  | quest for the Orb.
     0 | D:1      | Reached XP level 1. HP: 13/13 MP: 4/4
   101 | D:1      | Reached skill level 1 in Evocations
   194 | D:1      | Reached XP level 2. HP: 19/19 MP: 0/6
   275 | D:1      | Learned a level 2 spell: Throw Frost
   408 | D:1      | Reached skill level 4 in Ice Magic
   637 | D:1      | Reached skill level 2 in Conjurations
   783 | D:1      | Reached XP level 3. HP: 24/24 MP: 5/7
  1326 | D:2      | Found a radiant altar of Vehumet.
  1489 | D:2      | Reached skill level 3 in Spellcasting
  1622 | D:2      | Learned a level 3 spell: Ozocubu's Armour
  1764 | D:2      | Reached XP level 4. HP: 30/30 MP: 3/9
  2312 | D:3      | Reached skill level 5 in Ice Magic
  2419 | D:3      | Found a glowing silver altar of Zin.
  2540 | D:3      | Reached skill level 2 in Evocations
  2718 | D:3      | Reached XP level 5. HP: 35/35 MP: 5/11
  3000 | D:3      | Reached skill level 4 in Spellcasting
  3115 | D:3      | Noticed an ogre
  3121 | D:3      | Killed an ogre
  3122 | D:3      | Reached skill level 6 in Ice Magic
  3122 | D:3      | Reached XP level 6. HP: 41/41 MP: 0/13
  3599 | D:4      | Learned a level 4 spell: Throw Icicle
  3663 | D:4      | Reached skill level 3 in Conjurations
  3663 | D:4      | Reached skill level 3 in Evocations
  3673 | D:4      | Reached skill level 3 in Stealth
  4163 | D:4      | Reached XP level 7. HP: 42/46 MP: 14/14
  4523 | D:5      | Entered Level 5 of the Dungeon
  4529 | D:5      | Learned a level 4 spell: Summon Ice Beast
  4546 | D:5      | Reached skill level 7 in Ice Magic
  4588 | D:5      | Found a runed translucent door.
  4843 | D:6      | Found a sand-covered staircase.
  4871 | D:6      | Reached skill level 8 in Ice Magic
  4954 | Ossuary  | Entered an ossuary
  5563 | Ossuary  | Reached skill level 9 in Ice Magic
  5563 | Ossuary  | Reached XP level 8. HP: 24/52 MP: 0/15
  5810 | D:5      | Reached skill level 5 in Spellcasting
  5991 | D:6      | Noticed Blork the orc
  5997 | D:6      | Killed Blork the orc
  6074 | D:6      | Reached skill level 6 in Spellcasting
  6096 | D:6      | Found a radiant altar of Vehumet.
  6277 | D:5      | Found a shimmering altar of Xom.
  6284 | D:5      | Reached skill level 4 in Conjurations
  6455 | D:5      | Found a shimmering altar of Xom.
  7013 | D:5      | Noticed Cris's ghost (amateur SDSk)
  7032 | D:6      | Reached skill level 10 in Ice Magic
  7289 | D:6      | Found a hide-covered altar of Uskayaw.
  7392 | D:7      | Found an iron altar of Okawaru.
  7394 | D:7      | Noticed a troll
  7400 | D:7      | Killed a troll
  7401 | D:7      | Reached skill level 7 in Spellcasting
  7401 | D:7      | Reached XP level 9. HP: 57/57 MP: 0/21
  7486 | D:7      | Reached skill level 8 in Spellcasting
  7568 | D:7      | Found a bloodstained altar of Trog.
  7679 | D:7      | Found a sacrificial altar of Ru.
  7688 | D:7      | Found a bloodstained altar of Trog.
  7844 | D:7      | Learned a level 4 spell: Ice Form
  7873 | D:7      | Found a sparkling altar of Nemelex Xobeh.
  7904 | D:7      | Found Seud's Weapon Boutique.
  7921 | D:7      | Learned a level 2 spell: Ensorcelled Hibernation
  8087 | D:7      | Noticed Duvessa
  8095 | D:7      | Noticed Dowan
  8097 | D:7      | Killed Duvessa
  8110 | D:7      | Killed Dowan
  8111 | D:7      | Reached skill level 11 in Ice Magic
  8204 | D:7      | Found a staircase to the Ecumenical Temple.
  8501 | Temple   | Entered the Ecumenical Temple
  8531 | Temple   | Became a worshipper of Sif Muna the Loreminder
  8684 | D:7      | Reached skill level 4 in Stealth
  8684 | D:7      | Reached skill level 4 in Evocations
  8982 | D:7      | Reached skill level 9 in Spellcasting
  8990 | D:7      | Reached * piety under Sif Muna
  9138 | D:7      | Found a staircase to the Lair.
  9628 | D:8      | Found a runed door.
  9743 | D:8      | Found a runed door.
  9855 | D:8      | Reached XP level 10. HP: 63/63 MP: 15/24
  9857 | D:8      | Identified Sif Muna's Handbook of Sinister Rites and Air
                  | (Sif Muna gifted it to you on level 8 of the Dungeon)
  9857 | D:8      | Received a gift from Sif Muna
 10224 | D:8      | Found a basalt altar of Yredelemnul.
 10225 | D:8      | Found a shattered altar of Ashenzari.
 10225 | D:8      | Found a hazy altar of Hepliaklqana.
 10237 | D:8      | Found a blossoming altar of Fedhas.
 10367 | Lair:1   | Entered Level 1 of the Lair of Beasts
 10374 | Lair:1   | Reached skill level 12 in Ice Magic
 10567 | Lair:1   | Reached ** piety under Sif Muna
 10775 | Lair:1   | Reached skill level 13 in Ice Magic
 10957 | Lair:1   | Reached *** piety under Sif Muna
 11027 | Lair:1   | Reached skill level 10 in Spellcasting
 11244 | Lair:1   | Noticed a black mamba
 11249 | Lair:1   | Killed a black mamba
 11343 | Lair:1   | Reached skill level 5 in Stealth
 11343 | Lair:1   | Reached skill level 5 in Conjurations
 11347 | Lair:1   | Reached skill level 5 in Evocations
 11666 | Lair:2   | Noticed a six-headed hydra
 11668 | Lair:2   | Noticed a black mamba
 11672 | Lair:2   | Killed a six-headed hydra
 11673 | Lair:2   | Reached **** piety under Sif Muna
 11673 | Lair:2   | Reached skill level 6 in Conjurations
 11673 | Lair:2   | Reached XP level 11. HP: 68/68 MP: 6/26
 11728 | Lair:2   | Identified Sif Muna's Arcane Arts in Simple Steps (Sif Muna
                  | gifted it to you on level 2 of the Lair of Beasts)
 11728 | Lair:2   | Received a gift from Sif Muna
 11728 | Lair:2   | Reached skill level 7 in Conjurations
 12075 | Lair:2   | Reached skill level 8 in Conjurations
 12168 | Lair:2   | Noticed a seven-headed hydra
 12228 | Lair:2   | Reached ***** piety under Sif Muna
 12536 | Lair:2   | Reached skill level 14 in Ice Magic
 13191 | Lair:2   | Noticed an oklob plant
 13200 | Lair:2   | Noticed an oklob plant
 13490 | Lair:3   | Found a staircase to the Shoals.
 14014 | Lair:3   | Reached skill level 15 in Ice Magic
 14235 | Lair:3   | Noticed Kirke
 14403 | Lair:3   | Noticed a lindwurm
 14499 | Lair:3   | Killed Kirke
 14500 | Lair:3   | Identified Sif Muna's Compendium of the Excruciating
                  | Glacier (Sif Muna gifted it to you on level 3 of the Lair
                  | of Beasts)
 14500 | Lair:3   | Received a gift from Sif Muna
 14500 | Lair:3   | Reached skill level 11 in Spellcasting
 14500 | Lair:3   | Reached XP level 12. HP: 74/74 MP: 11/28
 14512 | Lair:3   | Learned a level 6 spell: Ozocubu's Refrigeration
 14694 | Lair:3   | Noticed Harold
 14829 | Lair:3   | Killed Harold
 14830 | Lair:3   | Reached skill level 6 in Stealth
 14830 | Lair:3   | Reached skill level 6 in Evocations
 15581 | Lair:3   | Reached skill level 9 in Conjurations
 15837 | Lair:4   | Reached ****** piety under Sif Muna
 15954 | Lair:4   | Reached skill level 10 in Conjurations
 16008 | Lair:4   | Found a staircase to the Snake Pit.
 16411 | Lair:4   | Noticed a four-headed hydra
 16422 | Lair:4   | Killed a four-headed hydra
 16423 | Lair:4   | Reached skill level 11 in Conjurations
 16807 | Lair:5   | Noticed Grum
 16817 | Lair:5   | Killed Grum
 16818 | Lair:5   | Reached skill level 12 in Conjurations
 16927 | Lair:4   | Learned a level 7 spell: Orb of Destruction
 17126 | Lair:5   | Identified Sif Muna's Grimoire of Confrontation (Sif Muna
                  | gifted it to you on level 5 of the Lair of Beasts)
 17126 | Lair:5   | Received a gift from Sif Muna
 17376 | Lair:5   | Reached skill level 13 in Conjurations
 17455 | Lair:5   | Reached skill level 1 in Invocations
 17456 | Lair:5   | Reached skill level 2 in Invocations
 17456 | Lair:5   | Reached XP level 13. HP: 79/79 MP: 16/29
 17932 | Lair:6   | Entered Level 6 of the Lair of Beasts
 17937 | Lair:6   | Reached skill level 3 in Invocations
 18084 | Lair:6   | Reached skill level 4 in Invocations
 18210 | Lair:6   | Reached skill level 5 in Invocations
 18456 | Lair:6   | Reached skill level 6 in Invocations
 18516 | Lair:6   | Reached skill level 7 in Invocations
 18600 | Lair:6   | Reached skill level 8 in Invocations
 19008 | Lair:6   | Reached skill level 9 in Invocations
 19084 | Lair:6   | Found a viscous altar of Jiyva.
 19084 | Lair:6   | Found a staircase to the Slime Pits.
 19871 | Lair:6   | Reached skill level 12 in Spellcasting
 20740 | Lair:6   | Noticed a fire dragon
 20808 | Lair:6   | Found a large runed door.
 20811 | Lair:6   | Found a large runed door.
 20834 | Lair:6   | Noticed a fire dragon
 20904 | Lair:5   | Noticed Urug
 20913 | Lair:5   | Killed Urug
 21231 | D:9      | Reached skill level 13 in Spellcasting
 21235 | D:9      | Noticed Pikel
 21302 | D:9      | Killed Pikel
 21317 | D:9      | Learned a level 6 spell: Bolt of Cold
 21395 | D:9      | Found a staircase to the Orcish Mines.
 21427 | D:9      | Noticed Erolcha
 21429 | D:9      | Killed Erolcha
 21639 | D:9      | Noticed Maurice
 21644 | D:9      | Killed Maurice
 22284 | D:9      | Identified Sif Muna's Tome of Conjuration (Sif Muna gifted
                  | it to you on level 9 of the Dungeon)
 22284 | D:9      | Received a gift from Sif Muna
 23006 | D:10     | Entered Level 10 of the Dungeon
 23081 | D:10     | HP: 4/79 [wolf spider zombie (9)]
 23456 | D:10     | Found Ufuy's Gadget Shoppe.
 23491 | D:10     | Found a shadowy altar of Dithmenos.
 23498 | D:10     | Reached XP level 14. HP: 85/85 MP: 24/32
 24059 | D:10     | Reached skill level 14 in Spellcasting
 24069 | D:10     | Learned a level 7 spell: Icicle Burst
 24431 | D:11     | Found Voqobb's Weapon Emporium.
 24786 | D:11     | Noticed Nergalle
 24789 | D:11     | Killed Nergalle
 24897 | D:11     | Found a gate to the Vaults.
 24908 | D:11     | Reached skill level 14 in Conjurations
 25027 | D:11     | Noticed Psyche
 25036 | D:11     | Killed Psyche
 25037 | D:11     | Reached skill level 7 in Stealth
 25131 | D:11     | Reached skill level 7 in Evocations
 25812 | D:12     | Entered Level 12 of the Dungeon
 25935 | D:12     | Received a gift from Sif Muna
 26210 | D:12     | Reached skill level 15 in Spellcasting
 26516 | D:12     | Reached skill level 10 in Invocations
 26611 | D:12     | Found a staircase to the Depths.
 26864 | Orc      | Entered the Orcish Mines
 26995 | Orc      | Found Ohos's Book Shop.
 27003 | Orc      | Found a staircase to the Elven Halls.
 27280 | Orc      | Noticed Donald
 27284 | Orc      | Killed Donald
 27816 | Orc      | Found Fizo's Distillery.
 27898 | Orc      | Bought a potion of haste for 150 gold pieces
 27898 | Orc      | Bought a potion of curing for 37 gold pieces
 27898 | Orc      | Bought a potion of curing for 37 gold pieces
 27898 | Orc      | Bought a potion of heal wounds for 75 gold pieces
 27910 | Orc      | Found Ejegi's Gadget Emporium.
 27930 | Orc      | Found an ancient bone altar of Kikubaaqudgha.
 27954 | Orc      | Reached XP level 15. HP: 90/90 MP: 0/35
 28122 | Orc      | Found Iniqyrghi's Gadget Emporium.
 28166 | Orc      | Reached skill level 16 in Ice Magic
 28281 | Orc      | Found a roughly hewn altar of Beogh.
 28281 | Orc      | Found Huczef's Antique Armour Shoppe.
 28336 | Orc      | Bought an embroidered robe for 92 gold pieces
 28336 | Orc      | Bought a glowing robe for 92 gold pieces
 28362 | Orc      | Bought a wand of acid (4) for 150 gold pieces
 28362 | Orc      | Bought a wand of clouds (4) for 225 gold pieces
 28364 | Orc      | Found a radiant altar of Vehumet.
 29173 | Snake:1  | Entered Level 1 of the Snake Pit
 29178 | Snake:1  | Received a gift from Sif Muna
 29329 | Snake:1  | Found Wamn's Weapon Shoppe.
 29563 | Snake:1  | Found a shimmering altar of Xom.
 29564 | Snake:1  | Noticed a nagaraja
 29567 | Snake:1  | Killed a nagaraja
 29909 | Snake:1  | Reached skill level 17 in Ice Magic
 29948 | Snake:1  | HP: 8/90 [mana viper[a naga ritualist] (15)]
 31324 | Snake:2  | Reached skill level 16 in Spellcasting
 32094 | Snake:2  | Reached skill level 11 in Invocations
 32378 | Snake:2  | Reached skill level 8 in Evocations
 32640 | Snake:2  | Reached skill level 9 in Evocations
 33006 | Snake:3  | Entered Level 3 of the Snake Pit
 33008 | Snake:3  | Found Riss's Gadget Emporium.
 33008 | Snake:3  | Found Rienn's Jewellery Shop.
 33009 | Snake:3  | Found Pueh's Gadget Emporium.
 33047 | Snake:3  | Bought a box of beasts for 340 gold pieces
 33049 | Snake:3  | Bought the ring of Dawn {+Fly Int+6} for 658 gold pieces
 33271 | Snake:3  | Identified Sif Muna's Tome of Virous Moulding (Sif Muna
                  | gifted it to you on level 3 of the Snake Pit)
 33271 | Snake:3  | Received a gift from Sif Muna
 33285 | Snake:3  | Learned a level 5 spell: Irradiate
 33321 | Snake:3  | Reached XP level 16. HP: 72/96 MP: 30/37
 34163 | Snake:3  | Reached skill level 15 in Conjurations
 34240 | Snake:3  | Reached skill level 18 in Ice Magic
 34656 | Snake:3  | Reached skill level 12 in Invocations
 34660 | Snake:3  | Noticed Vashnia
 34723 | Snake:3  | Killed Vashnia
 35175 | Snake:3  | Reached skill level 13 in Invocations
 35395 | Snake:3  | Reached skill level 8 in Stealth
 35773 | Snake:3  | Reached skill level 9 in Stealth
 36497 | Snake:3  | Identified a scroll of acquirement
 36497 | Snake:3  | Identified a lightning rod (4/4) (You found it on level 12
                  | of the Dungeon)
 36497 | Snake:3  | Got a serpentine rune of Zot
 36685 | Snake:3  | Identified Sif Muna's Guide on Changing and the Glacier
                  | (Sif Muna gifted it to you on level 3 of the Snake Pit)
 36685 | Snake:3  | Received a gift from Sif Muna
 36814 | Snake:3  | Reached skill level 16 in Conjurations
 36814 | Snake:3  | Reached XP level 17. HP: 92/101 MP: 4/38
 37047 | Snake:3  | Bought the ring "Ureotam" {MR+ Stlth+} for 601 gold pieces
 37254 | Shoals:1 | Entered Level 1 of the Shoals
 37347 | Lair:3   | Learned a level 5 spell: Metabolic Englaciation
 37779 | Shoals:1 | Identified the +2 robe of the Iron Devil {*Drain Str+6
                  | Archmagi}
 38102 | Shoals:1 | Noticed Aizul
 38106 | Shoals:1 | Killed Aizul
 38291 | Shoals:1 | Reached skill level 17 in Conjurations
 39099 | Shoals:1 | Noticed a kraken
 39102 | Shoals:1 | Killed a kraken
 39391 | Shoals:2 | Found a frozen archway.
 39469 | IceCv    | Entered an ice cave
 39882 | IceCv    | Identified Jausachi's Guide on Venom and Talismans
 40846 | IceCv    | Received a gift from Sif Muna
 41102 | IceCv    | Noticed an Ice Fiend
 41117 | IceCv    | Reached skill level 17 in Spellcasting
 41123 | IceCv    | Killed an Ice Fiend
 41284 | IceCv    | Identified a +1 pair of boots of running
 41982 | Shoals:2 | Found Rissepraxt's Assorted Antiques.
 41983 | Shoals:2 | Noticed Ilsuiw
 41989 | Shoals:2 | Killed Ilsuiw
 42222 | Shoals:2 | Bought a clouded lapis lazuli ring for 165 gold pieces
 42222 | Shoals:2 | Identified the ring of Gomofuux {+Fly rC+ Str+4 Dex+4} (You
                  | bought it in a shop on level 2 of the Shoals)
 42222 | Shoals:2 | Bought a scroll of enchant armour for 247 gold pieces
 42479 | Shoals:2 | Reached skill level 18 in Spellcasting
 43181 | Shoals:3 | Entered Level 3 of the Shoals
 43742 | Shoals:3 | Reached XP level 18. HP: 102/107 MP: 5/41
 43797 | Shoals:3 | Got a barnacled rune of Zot
 44104 | Shoals:3 | Reached skill level 19 in Ice Magic
 44164 | Shoals:3 | Identified Rawnab's Grimoire of the Frostbite and Darkness
                  | (Sif Muna gifted it to you on level 3 of the Shoals)
 44164 | Shoals:3 | Received a gift from Sif Muna
 44326 | Shoals:3 | Learned a level 5 spell: Bolt of Draining
 46119 | Vaults:1 | Entered Level 1 of the Vaults
 46197 | Vaults:1 | Reached skill level 19 in Spellcasting
 46456 | Vaults:1 | Found a staircase to the Crypt.
 46833 | Vaults:1 | Received a gift from Sif Muna
 46985 | Vaults:1 | Reached skill level 18 in Conjurations
 47514 | Vaults:1 | Identified the amulet "Buboclasm" {Spirit rF+ rN+}
 47972 | Vaults:1 | Reached skill level 19 in Conjurations
 48415 | Vaults:1 | Found Miogaepri's Book Shop.
 48486 | Vaults:1 | Identified Becvaoq's Collected Works on Shifting Hexes (Sif
                  | Muna gifted it to you on level 1 of the Vaults)
 48486 | Vaults:1 | Received a gift from Sif Muna
 48845 | Vaults:1 | Reached XP level 19. HP: 112/112 MP: 35/43
 48928 | Vaults:1 | Identified the +8 falchion "Jinieg" {protect, rN+ MR+}
 49634 | Vaults:1 | Learned a level 8 spell: Glaciate
 49725 | Vaults:2 | Reached skill level 20 in Ice Magic
 50163 | Vaults:2 | Identified Suoril's Reference Book on Frigorific
                  | Dislocation (Sif Muna gifted it to you on level 2 of the
                  | Vaults)
 50163 | Vaults:2 | Received a gift from Sif Muna
 50255 | Vaults:2 | Reached skill level 20 in Spellcasting
 50388 | Vaults:2 | Noticed Xtahua
 50391 | Vaults:2 | Killed Xtahua
 50392 | Vaults:2 | Found the +6 fire dragon scales of Xtahua {rF+++ rC- MR+}
 51055 | Vaults:2 | Reached skill level 20 in Conjurations
 51408 | Vaults:2 | Reached skill level 14 in Invocations
 51894 | Shoals:2 | Learned a level 6 spell: Statue Form
 51971 | Shoals:2 | Bought a shiny helmet for 247 gold pieces
 52497 | Elf:1    | Entered Level 1 of the Elven Halls
 52505 | Elf:1    | Reached XP level 20. HP: 118/118 MP: 33/45
 52930 | Elf:1    | Found Piptutt's Food Shop.
 52979 | Elf:1    | Noticed Asterion
 52983 | Elf:1    | Killed Asterion
 53388 | Elf:1    | Noticed Jorgrun
 53394 | Elf:1    | Killed Jorgrun
 53395 | Elf:1    | Reached skill level 15 in Invocations
 53535 | Elf:1    | Noticed Roxanne
 53668 | Elf:1    | Killed Roxanne
 53921 | Elf:2    | Found a runed translucent gate.
 53921 | Elf:2    | Found a runed translucent gate.
 53921 | Elf:2    | Found a runed translucent gate.
 54027 | Elf:2    | Identified Sif Muna's Volume of Combat Magic (Sif Muna
                  | gifted it to you on level 2 of the Elven Halls)
 54027 | Elf:2    | Received a gift from Sif Muna
 54105 | Elf:2    | Found a runed gate.
 54106 | Elf:2    | Found a runed gate.
 54106 | Elf:2    | Found a runed gate.
 54464 | Elf:2    | Found a runed translucent gate.
 54464 | Elf:2    | Found a runed translucent gate.
 54464 | Elf:2    | Noticed Contix's ghost (journeyman GnFi)
 54465 | Elf:2    | Found a runed translucent gate.
 54719 | Elf:2    | Reached skill level 21 in Ice Magic
 54942 | Elf:2    | Identified Sif Muna's Papyrus of Creative Attacks (Sif Muna
                  | gifted it to you on level 2 of the Elven Halls)
 54942 | Elf:2    | Received a gift from Sif Muna
 55357 | Elf:2    | Killed Contix's ghost
 55358 | Elf:2    | Gained mutation: You occasionally shout uncontrollably at
                  | your foes. [a cacodemon]
 55368 | Elf:2    | Learned a level 1 spell: Apportation
 55371 | Elf:2    | Identified the +2 hat of Inusifa {Int+7}
 55470 | Elf:3    | Entered Level 3 of the Elven Halls
 55491 | Elf:3    | Learned a level 7 spell: Spellforged Servitor
 55685 | Elf:3    | Found Qucow's Magic Scroll Emporium.
 56266 | Elf:3    | Bought a scroll of teleportation for 45 gold pieces
 56266 | Elf:3    | Bought a scroll of magic mapping for 52 gold pieces
 56266 | Elf:3    | Bought a scroll of teleportation for 45 gold pieces
 56588 | Elf:3    | Reached skill level 21 in Spellcasting
 56831 | Elf:3    | Reached XP level 21. HP: 123/123 MP: 39/47
 56906 | Elf:3    | Identified Sif Muna's Reference Book on Lucky Snow (Sif
                  | Muna gifted it to you on level 3 of the Elven Halls)
 56906 | Elf:3    | Received a gift from Sif Muna
 56906 | Elf:3    | Reached skill level 21 in Conjurations
 57521 | Elf:3    | Identified the +1 hunting sling of the Eggplant {velocity,
                  | Fragile +Inv rF++ Stlth+}
 57706 | Elf:3    | Identified the +1 helmet of the Endless Lovers {rN+}
 57713 | Elf:3    | Identified Deskuole's Compendium of Noxious Transmigration
 58670 | Vaults:2 | Found Aphen's Armour Boutique.
 58678 | Vaults:2 | Bought a +2 cloak for 363 gold pieces
 59069 | Depths:1 | Entered Level 1 of the Depths
 59074 | Depths:1 | Reached skill level 22 in Ice Magic
 59368 | Depths:1 | Reached skill level 10 in Evocations
 59485 | Depths:1 | Reached skill level 11 in Evocations
 59660 | Depths:1 | Identified Sif Muna's Catalogue of Heat and Illusion (Sif
                  | Muna gifted it to you on level 1 of the Depths)
 59660 | Depths:1 | Received a gift from Sif Muna
 59719 | D:12     | Learned a level 6 spell: Deflect Missiles
 60243 | Depths:1 | Found a gateway to Hell.
 60306 | Depths:1 | Found a one-way gate to the infinite horrors of the Abyss.
 60312 | Depths:1 | Identified the +7 morningstar of the Disturbing People
                  | {venom, *Slow MP+9 SInv}
 60640 | Depths:1 | Identified the cursed amulet "Hoh Boyn" {Inacc Str+3}
 60687 | Depths:1 | Reached skill level 22 in Spellcasting
 60733 | Depths:1 | Found a one-way gate leading to the halls of Pandemonium.
 60806 | Depths:2 | Reached XP level 22. HP: 129/129 MP: 33/49
 60942 | Depths:2 | Received a gift from Sif Muna
 61027 | Depths:2 | Noticed Boris
 61448 | Snake:3  | Bought an uncursed ring of see invisible for 306 gold
                  | pieces
 61824 | Depths:2 | Identified the ring "Jegesk" {Ice rElec}
 61874 | Depths:1 | Killed Boris
 62178 | Depths:2 | Reached skill level 23 in Ice Magic
 62183 | Depths:2 | Learned a level 2 spell: Blink
 63017 | Depths:3 | Found a gateway to a ziggurat.
 63189 | Depths:3 | Reached skill level 12 in Evocations
 63568 | Depths:3 | Reached skill level 16 in Invocations
 63962 | Depths:3 | Noticed Louise
 63965 | Depths:3 | Killed Louise
 64508 | Depths:4 | Reached skill level 13 in Evocations
 64722 | Depths:4 | Reached skill level 17 in Invocations
 64861 | Depths:4 | Identified Sif Muna's Volume of Supportive Conjuration (Sif
                  | Muna gifted it to you on level 4 of the Depths)
 64861 | Depths:4 | Received a gift from Sif Muna
 65330 | Depths:4 | Reached XP level 23. HP: 134/134 MP: 41/50
 66264 | Lair:6   | Learned a level 6 spell: Ozocubu's Refrigeration
 66268 | Slime:1  | Entered Level 1 of the Pits of Slime
 66390 | Slime:1  | Reached skill level 23 in Spellcasting
 66397 | Slime:1  | Identified Sif Muna's Reference Book on the Dusty Entourage
                  | (Sif Muna gifted it to you on level 1 of the Pits of Slime)
 66397 | Slime:1  | Received a gift from Sif Muna
 66765 | Slime:3  | Noticed Dissolution
 66770 | Slime:3  | Killed Dissolution
 67373 | Slime:4  | Reached skill level 24 in Ice Magic
 67962 | Slime:5  | Entered Level 5 of the Pits of Slime
 68050 | Slime:5  | Identified Sif Muna's Incunabulum of Combat Magic (Sif Muna
                  | gifted it to you on level 5 of the Pits of Slime)
 68050 | Slime:5  | Received a gift from Sif Muna
 68142 | Slime:5  | Noticed the Royal Jelly
 68145 | Slime:5  | Killed the Royal Jelly
 68568 | Slime:5  | Got a slimy rune of Zot
 68604 | Slime:5  | Identified the ring "Peigidy" {Wiz SInv}
 68612 | Slime:5  | Identified the +9 flail "Ciff" {speed, rC+}
 68617 | Slime:5  | Identified the +8 plate armour of Grot {Str+2}
 68618 | Slime:5  | Identified the +1 leather armour "Veuhacleomi" {rCorr}
 68637 | Slime:5  | Identified the ring "Bent" {Fire MR+}
 68646 | Slime:5  | Identified the +2 dagger "Siegit" {vamp, +Rage rF- MR++
                  | Str+2}
 69272 | Depths:5 | Entered Level 5 of the Depths
 69587 | Depths:5 | Reached XP level 24. HP: 140/140 MP: 43/51
 69598 | Depths:5 | Noticed a golden dragon
 69602 | Depths:5 | Killed a golden dragon
 69606 | Depths:5 | Identified Sif Muna's Catalogue of Creative Enhancements
                  | (Sif Muna gifted it to you on level 5 of the Depths)
 69606 | Depths:5 | Received a gift from Sif Muna
 69750 | Depths:5 | Noticed a golden dragon
 69753 | Depths:5 | Killed a golden dragon
 70151 | Depths:5 | Found a gate to the Realm of Zot.
 70799 | Depths:5 | Found Inoiquax's Demolitions Depot.
 71053 | D:10     | Bought a wand of paralysis (8) for 108 gold pieces
 71053 | D:10     | Bought a phantom mirror for 240 gold pieces
 71053 | D:10     | Bought a phantom mirror for 240 gold pieces
 71053 | D:10     | Bought a box of beasts for 240 gold pieces
 71346 | Snake:3  | Bought a wand of acid (5) for 204 gold pieces
 71822 | Zot:1    | Entered Level 1 of the Realm of Zot
 71828 | Zot:1    | Reached skill level 22 in Conjurations
 71828 | Zot:1    | Noticed a golden dragon
 71832 | Zot:1    | Received a gift from Sif Muna
 71832 | Zot:1    | Killed a golden dragon
 71919 | Zot:1    | Reached skill level 24 in Spellcasting
 71921 | Zot:1    | Reached skill level 25 in Ice Magic
 71988 | Zot:1    | Identified the ring "Lymade" {Ice rN+}
 72021 | Zot:1    | Noticed a golden dragon
 72024 | Zot:1    | Killed a golden dragon
 72459 | Zot:2    | Received a gift from Sif Muna
 72459 | Zot:2    | Reached skill level 26 in Ice Magic
 72626 | Zot:3    | Reached XP level 25. HP: 145/145 MP: 4/52
 73184 | Zot:5    | Entered Level 5 of the Realm of Zot
 73204 | Zot:5    | Noticed a golden dragon
 73212 | Zot:5    | Killed a golden dragon
 73342 | Zot:5    | Found Vumnenk's Changing Room.
 73358 | Zot:5    | Reached skill level 27 in Ice Magic
 73386 | Zot:5    | Bought a potion of mutation for 136 gold pieces
 73594 | Zot:5    | Identified Sif Muna's Grimoire of Mutagenic Necromancy (Sif
                  | Muna gifted it to you on level 5 of the Realm of Zot)
 73594 | Zot:5    | Received a gift from Sif Muna
 73738 | Zot:5    | Noticed an orb of fire
 73741 | Zot:5    | Gained mutation: You are robust. (+10% HP) [an orb of fire]
 73743 | Zot:5    | Killed an orb of fire
 73843 | Zot:5    | Noticed an orb of fire
 73844 | Zot:5    | Gained mutation: You have sharp toenails. [an orb of fire]
 73848 | Zot:5    | Killed an orb of fire
 73909 | Zot:5    | Noticed an ancient lich
 73917 | Zot:5    | Killed an ancient lich
 73917 | Zot:5    | Noticed an orb of fire
 73917 | Zot:5    | Gained mutation: Your body sometimes deteriorates upon
                  | taking damage. [an orb of fire]
 73921 | Zot:5    | Gained mutation: Scrolls take you a little longer to read.
                  | [an orb of fire]
 73923 | Zot:5    | Killed an orb of fire
 74006 | Zot:5    | Noticed an ancient lich
 74010 | Zot:5    | Killed an ancient lich
 74405 | Zot:5    | Identified Yfeo's Papyrus of Enhancements and
                  | Weightlessness (Sif Muna gifted it to you on level 5 of the
                  | Realm of Zot)
 74405 | Zot:5    | Received a gift from Sif Muna
 74442 | Zot:5    | Noticed a Killer Klown
 74448 | Zot:5    | Noticed a golden dragon
 74450 | Zot:5    | Killed a Killer Klown
 74456 | Zot:5    | Killed a golden dragon
 74457 | Zot:5    | Reached skill level 23 in Conjurations
 74529 | Zot:5    | Noticed a Killer Klown
 74532 | Zot:5    | Killed a Killer Klown
 74533 | Zot:5    | Noticed a Killer Klown
 74534 | Zot:5    | Reached skill level 25 in Spellcasting
 74539 | Zot:5    | Killed a Killer Klown
 74862 | Zot:5    | Noticed an orb of fire
 74868 | Zot:5    | Killed an orb of fire
 74940 | Zot:5    | Noticed an ancient lich
 74944 | Zot:5    | Killed an ancient lich
 74995 | Zot:5    | Reached XP level 26. HP: 166/166 MP: 45/53
 75063 | Zot:5    | Identified Sif Muna's Disquisition on Enthralling
                  | Translocation (Sif Muna gifted it to you on level 5 of the
                  | Realm of Zot)
 75063 | Zot:5    | Received a gift from Sif Muna
 75256 | Zot:5    | Got the Orb of Zot
 75267 | Zot:5    | Noticed an orb of fire
 75269 | Zot:5    | Gained mutation: You do not regenerate when monsters are
                  | visible. [an orb of fire]
 75272 | Zot:5    | Killed an orb of fire
 75286 | Zot:5    | Noticed an orb of fire
 75288 | Zot:5    | Noticed Zouni the pandemonium lord
 75297 | Zot:5    | Killed an orb of fire
 75298 | Zot:5    | Killed Zouni the pandemonium lord
 75299 | Zot:5    | Reached skill level 24 in Conjurations
 75379 | Zot:4    | Lost mutation: You occasionally shout uncontrollably at
                  | your foes. [potion of mutation]
 75379 | Zot:4    | Lost mutation: Scrolls take you a little longer to read.
                  | [potion of mutation]
 75379 | Zot:4    | Lost mutation: You do not regenerate when monsters are
                  | visible. [potion of mutation]
 75379 | Zot:4    | Gained mutation: You are very robust. (+20% HP) [potion of
                  | mutation]
 75515 | Depths:5 | Reached skill level 26 in Spellcasting
 75852 | D:5      | Killed Cris's ghost
 75941 | D:3      | Noticed Syva the pandemonium lord
 75988 | D:$      | Escaped with the Orb!

Skill      XL: |  1  2  3  4  5  6  7  8  9 10 11 12 13 14 15 16 17 18 19 20 21 22 23 24 25 26 |
---------------+-------------------------------------------------------------------------------+-----
Evocations     | 1 2 3 4 5 6 7 9 11 13 | 13.0
Ice Magic      | 4 5 6 9 10 11 13 15 17 18 19 20 21 22 23 24 26 27 | 27.0
Conjurations   | 2 3 4 6 8 13 14 16 17 19 20 21 22 23 24 | 24.4
Spellcasting   | 3 4 7 9 10 11 13 15 16 18 19 20 21 22 23 24 25 26 | 26.1
Stealth        | 3 4 5 6 7 9 |  9.0
Invocations    | 2 9 10 11 13 14 15 17 | 17.0
Dodging        | |  2.1

Action                   |  1- 3 |  4- 6 |  7- 9 | 10-12 | 13-15 | 16-18 | 19-21 | 22-24 | 25-27 || total
-------------------------+-------+-------+-------+-------+-------+-------+-------+-------+-------++-------
Melee: Unarmed           |    15 |       |    12 |   111 |    73 |     4 |       |       |       ||   215
       Short sword       |    22 |    31 |   216 |       |       |       |       |       |       ||   269
       Dagger            |       |       |    10 |     5 |     1 |       |       |       |       ||    16
       Staff             |       |       |       |       |       |     1 |     1 |       |       ||     2
 Cast: Freeze            |    68 |    43 |    56 |   109 |     5 |       |       |       |       ||   281
       Throw Frost       |     8 |    66 |    52 |    65 |       |       |       |       |       ||   191
       Ozocubu's Armour  |       |     3 |       |     8 |     1 |     1 |       |       |       ||    13
       Throw Icicle      |       |     2 |    88 |    97 |   114 |       |       |       |       ||   301
       Summon Ice Beast  |       |       |     8 |    21 |    15 |     5 |     7 |       |       ||    56
       Ensorcelled Hiber |       |       |     5 |     6 |       |       |       |       |       ||    11
       Ice Form          |       |       |     1 |     2 |     8 |     7 |     2 |       |       ||    20
       Ozocubu's Refrige |       |       |       |    27 |    43 |    70 |     1 |     1 |       ||   142
       Bolt of Cold      |       |       |       |       |   117 |    92 |    61 |    35 |    14 ||   319
       Orb of Destructio |       |       |       |       |    21 |    10 |    31 |    69 |    25 ||   156
       Icicle Burst      |       |       |       |       |   150 |   345 |   250 |   174 |    86 ||  1005
       Metabolic Englaci |       |       |       |       |       |    16 |     4 |       |       ||    20
       Irradiate         |       |       |       |       |       |     1 |     6 |     6 |     5 ||    18
       Bolt of Draining  |       |       |       |       |       |     6 |     1 |     2 |       ||     9
       Glaciate          |       |       |       |       |       |       |    81 |   155 |    53 ||   289
       Statue Form       |       |       |       |       |       |       |     3 |     2 |       ||     5
       Spellforged Servi |       |       |       |       |       |       |    13 |     7 |     2 ||    22
       Apportation       |       |       |       |       |       |       |     7 |       |       ||     7
       Deflect Missiles  |       |       |       |       |       |       |     1 |       |     1 ||     2
       Blink             |       |       |       |       |       |       |       |       |     1 ||     1
Invok: Divine Energy     |       |       |       |       |     4 |     6 |     4 |     5 |       ||    19
       Channel Magic     |       |       |       |       |     9 |    12 |    20 |    22 |    13 ||    76
       Forget Spell      |       |       |       |       |     1 |     1 |     2 |     1 |       ||     5
       Moment of Magic   |       |       |       |       |       |     1 |     2 |     4 |     1 ||     8
 Abil: End Transformatio |       |       |       |     2 |     8 |     8 |     4 |     1 |     1 ||    24
       Evoke Flight      |       |       |       |       |       |     1 |       |       |       ||     1
       Evoke Invisibilit |       |       |       |       |       |       |       |     4 |     7 ||    11
Evoke: Wand              |       |       |     3 |       |     5 |     6 |     1 |     4 |     5 ||    24
       Box of beasts     |       |       |       |       |       |       |       |       |     1 ||     1
  Use: Scroll            |       |     8 |     8 |     2 |    20 |     4 |     3 |     3 |     3 ||    51
       Potion            |       |       |     1 |     5 |     3 |       |     6 |     2 |     7 ||    24
 Stab: Sleeping          |     1 |     1 |     2 |     3 |       |       |       |       |       ||     7
  Eat: Chunk             |     5 |    12 |    23 |    34 |    81 |    47 |    40 |    19 |     1 ||   262
       Ration            |       |       |     6 |     2 |    11 |    15 |     6 |    11 |     6 ||    57
Armor: Robe              |    12 |    12 |    75 |       |     5 |     8 |    10 |       |     1 ||   123
       Skin              |       |       |    31 |    95 |    51 |    27 |    84 |    89 |    14 ||   391
       Steam dragon scal |       |       |       |     3 |     1 |       |       |       |       ||     4
Dodge: Dodged            |    72 |    57 |   197 |   150 |   114 |    56 |    86 |    89 |    34 ||   855
       Deflected         |       |       |       |       |       |       |     4 |    61 |    16 ||    81
Block: Other             |       |       |       |    18 |     2 |       |       |       |       ||    20

Levels and vault maps discovered:
D:1:      dpeg_arrival_three_bigger_balls, layout_basic, minmay_octomino_e4
D:2:      layout_loops_ring, nicolae_vehumet_altar_sigil
D:3:      layout_loops_corners, lemuel_doored_altar, first_ration
D:4:      layout_cave_pools, minmay_rat_hole
D:5:      layout_loops_cross, kennysheep_mini, ebering_ghost_reflecting_pool,
          xom_confusion_cloud
D:6:      layout_loops_ring, nicolae_ossuary_entry_catacombs,
          hangedman_feature_mirror, uniq_blork_the_orc
D:7:      layout_basic, lemuel_crystal_altar, nicolae_overflow_crystal_walls,
          okawaru_gym_becter, kennysheep_little_box, temple_hall,
          erik_lair_dragon, serial_shops, nicolae_shop_stone,
          trog_three_pillars_becter, uniq_duvessa
D:8:      lemuel_insect_pit, layout_rooms, nicolae_overflow_quartered_altars,
          serial_aquarium, aquarium_bridge_square [aquarium_subvault_bridge,
          aquarium_subvault_bridge, aquarium_subvault_window,
          aquarium_subvault_bridge], aquarium_bridge_square
          [aquarium_subvault_bridge, aquarium_subvault_wall,
          aquarium_subvault_wall, aquarium_subvault_wall],
          aquarium_window_corridor_1, aquarium_window_fake, aquarium_view_2d,
          aquarium_balcony_3a, aquarium_pool_corner
D:9:      layout_cave_pods, david_orc_3, uniq_pikel, uniq_maurice, uniq_erolcha
D:10:     layout_rooms, serial_shops, shop, basic_altar, blue_anna_alchemist
          [blue_anna_fruit_fields, blue_anna_fruit_fields]
D:11:     layout_irregular_city, erik_vaults_2, serial_shops,
          nicolae_shop_waterfront, eino_small_chamber_without_monster,
          minmay_liquid_box, corner_web_ring, kennysheep_cross_bottleneck,
          serial_bayou_lagoon_a, uniq_psyche, uniq_nergalle
D:12:     grunt_enter_depths_magical_seal, layout_cross,
          minmay_misc_feat_nine_boxes
Temple:   minmay_temple_bridge_abc
Lair:1:   layout_chaotic_city
Lair:2:   layout_loops_ring, chequers_serial_rivers_micro_b,
          beast_lair_carwin_10, grunt_megastairs_5, minmay_lair_oklob_chamber,
          serial_bayou_shore_a, lemuel_fruit_fields
Lair:3:   layout_gridlike, elwin_shoals_entry_stream, beast_lair_carwin_4,
          grunt_megastairs_2, uniq_harold, uniq_kirke
Lair:4:   layout_hall_layers, minmay_snake_entry_guardpost_medium,
          grunt_megastairs_4, serial_bayou_shore_b
Lair:5:   layout_regular_city, cheibrodos_lair_reptile_den, uniq_urug, uniq_grum
Lair:6:   cheibrodos_lair_end_hotspot, layout_regular_city,
          dpeg_slime_entry_enclosed_altar, nicolae_lair_yak_garden
Shoals:1: layout_shoals, uniq_aizul
Shoals:2: layout_shoals, serial_shops, nicolae_shop_trees,
          portal_ice_cave_entry_dragon, uniq_ilsuiw
Shoals:3: shoals_end_grunt_ice, layout_shoals
Snake:1:  skrybe_snakes_to_sticks, layout_gridlike, serial_shops, shop,
          lemuel_fruit_tree
Snake:2:  layout_misc_corridors
Snake:3:  johnstein_snake_rune_scales, layout_cave_pods, minmay_shop_grove
Slime:1:  layout_caves
Slime:2:  layout_caves, basic_altar
Slime:3:  cheibrodos_slime_lost_civilization_9, layout_caves,
          nicolae_slime_welcoming_committee, uniq_dissolution
Slime:4:  layout_caves
Slime:5
Orc:      kennysheep_orc_mage_school, layout_caves, serial_shops, shop_coins,
          nooodl_orcs_dogs, uniq_donald
Elf:1:    nicolae_elf_arrival_fired_up, layout_loops_cross, serial_shops,
          nicolae_shop_stone, uniq_roxanne, uniq_asterion, uniq_jorgrun
Elf:2:    nicolae_elf_blades_crystal_corner, layout_gridlike,
          ploomutoo_gammafunk_ghost_potion_laboratory
Elf:3:    grunt_elf_hall_asides, layout_geoelf_castle, serial_shops,
          nicolae_shop_window_shopping, nicolae_concentric_dashed_squares_wild
Vaults:1: v_rooms_6, hangedman_vaults_impose, nicolae_vaults_network_barrier,
          minmay_crypt_entry_simple_round, st_diamondy,
          nicolae_vaults_ninety_degrees, nicolae_vaults_twisting_passages,
          v_alt_pattern_2, hangedman_vaults_stagger, vaults_room_ringed_pool,
          hangedman_vaults_impose, vaults_room_hallway, v_misc_8,
          nicolae_vaults_specimen_jars, vaults_room_door_ring,
          layout_vaults_omnibox, serial_shops, shop_statue
Vaults:2: vaults_room_door_hall, st_lines, grunt_vaults_funnel,
          ontoclasm_vaults_hangar, v_misc_5, v_misc_26, ontoclasm_vaults_eye,
          hangedman_vaults_slither, ontoclasm_vaults_hangar,
          ontoclasm_vaults_decontamination, v_alt_pattern_1, v_misc_22,
          layout_vaults_maze, serial_shops, shop, uniq_xtahua
Depths:1: layout_gridville, chequers_serial_rivers_small_3,
          abyss_entry_glasseish, grunt_mini_vestibule,
          grunt_pan_entry_in_and_out, serial_sigils_hangedman_scratch,
          corexii_corridor_pit, minmay_alternating_orb, firewood_loft
Depths:2: hangedman_screamer, layout_cave_pools, hell_entry,
          minmay_misc_feat_more_columns, infiniplex_staircase_pool_2
Depths:3: kennysheep_six_static_rooms, layout_gridlike, enter_ziggurat_f,
          chequers_serial_rivers_micro_b, hell_entry,
          nicolae_abyss_entry_one_way_or_another, pan_entry
Depths:4: minmay_connected_triangles_in_corner, layout_gridlike, hell_entry,
          serial_curves, eino_curves_03, eino_curves_04, eino_curves_04,
          hangedman_abyss_or_decor_passed, minmay_room_of_horrors,
          horrible_house_mu
Depths:5: grunt_zot_entry_hairpin, layout_gridlike, rand_demon_pan_entry_5,
          abyss_entry_crystal, hell_entry, nicolae_blasting_shop, minivault_1
Zot:1:    kennysheep_room_grid, layout_cathedral_of_symmetry
Zot:2:    layout_basic, grunt_megastairs_3
Zot:3:    gammafunk_sealed_library, layout_misc_corridors,
          lemuel_baited_zot_trap
Zot:4:    layout_basic, ebering_ghost_inner_flame
Zot:5:    layout_misc_corridors, nicolae_transmutations_shop

Table legend:
 A = Turns spent in this place as a percentage of turns spent in the entire game.
 B = Non-inter-level travel turns spent in this place as a percentage of non-inter-level travel turns spent in the entire game.
 C = Inter-level travel turns spent in this place as a percentage of turns spent in this place.
 D = Turns resting spent in this place as a percentage of non-inter-level travel turns spent in this place.
 E = Turns spent auto-exploring this place as a percentage of non-inter-level travel turns spent in this place.
 F = Non-inter-level travel turns spent in this place divided by the number of levels of this place that you've seen.
                   A       B       C       D       E      F
               +-------+-------+-------+-------+-------+----------------------
         Total | 100.0 | 100.0 |   9.8 |  36.8 |  44.9 | 1428.7
       Dungeon |  23.3 |  21.2 |  17.9 |  17.8 |  66.3 | 1211.6
        Temple |   0.1 |   0.0 |  38.5 |   0.0 |  65.6 |  32.0
          Lair |  16.5 |  15.9 |  13.0 |  34.9 |  48.3 | 1822.2
        Shoals |   9.1 |   9.7 |   3.6 |  49.9 |  30.4 | 2228.0
     Snake Pit |  10.5 |  10.9 |   6.3 |  43.9 |  40.7 | 2480.7
    Slime Pits |   3.1 |   3.3 |   6.2 |  40.1 |  39.8 | 447.6
  Orcish Mines |   3.1 |   3.1 |   9.1 |  15.7 |  69.5 | 2122.0
   Elven Halls |   7.2 |   7.3 |   8.2 |  39.7 |  36.4 | 1668.3
        Vaults |   8.5 |   8.9 |   4.8 |  49.0 |  35.8 | 3062.0
        Depths |  10.8 |  11.0 |   8.6 |  28.8 |  56.4 | 1503.0
           Zot |   4.5 |   5.0 |   0.8 |  66.8 |   4.2 | 681.4
       Ossuary |   0.9 |   1.0 |   0.0 |  29.0 |   0.7 | 701.0
      Ice Cave |   2.4 |   2.7 |   0.0 |  75.2 |   0.6 | 1837.0
               +-------+-------+-------+-------+-------+----------------------

Table legend:
 A = Kills in this place as a percentage of kills in entire the game.
 B = Kills by you in this place as a percentage of kills by you in the entire game.
 C = Kills by friends in this place as a percentage of kills by friends in the entire game.
 D = Other kills in this place as a percentage of other kills in the entire game.
 E = Experience gained in this place as a percentage of experience gained in the entire game.
 F = Experience gained in this place divided by the number of levels of this place that you have seen.
                   A       B       C       D       E      F
               +-------+-------+-------+-------+-------+----------------------
         Total | 100.0 | 100.0 | 100.0 | 100.0 | 100.0 | 29676.2
       Dungeon |  17.0 |  17.0 |   3.8 |  88.9 |   4.1 | 4867.2
          Lair |   9.5 |   8.8 |  36.5 |  11.1 |   3.8 | 9030.8
        Shoals |   7.1 |   7.2 |   3.8 |   0.0 |   6.1 | 28864.0
     Snake Pit |   8.4 |   8.7 |   0.0 |   0.0 |   7.5 | 35801.0
    Slime Pits |   8.0 |   8.2 |   0.0 |   0.0 |   8.6 | 24510.6
  Orcish Mines |   3.8 |   3.9 |   0.0 |   0.0 |   0.9 | 12737.0
   Elven Halls |   6.9 |   6.7 |  15.4 |   0.0 |   8.9 | 42133.3
        Vaults |  11.4 |  11.8 |   0.0 |   0.0 |  13.4 | 95438.0
        Depths |  16.9 |  16.7 |  28.8 |   0.0 |  21.2 | 60525.8
           Zot |   6.8 |   6.9 |   5.8 |   0.0 |  24.8 | 70582.4
       Ossuary |   1.5 |   1.4 |   5.8 |   0.0 |   0.0 | 332.0
      Ice Cave |   2.5 |   2.6 |   0.0 |   0.0 |   0.7 | 9433.0
               +-------+-------+-------+-------+-------+----------------------
